 Dungeon Crawl Stone Soup version 0.26.0-41-g79a4fc7684 (webtiles) character file.

Game seed: 11886571361177786673

2130 oldmanjim the Cleaver (level 9, -14/75 HPs)
             Began as a Hill Orc Monk on Jan 25, 2021.
             Was a Believer of Beogh.
             Demolished by an orc knight
             ... wielding a +0 halberd
              (20 damage)
             ... in a bailey on Jan 26, 2021.
             The game lasted 01:01:34 (8762 turns).

oldmanjim the Cleaver (Hill Orc Monk)               Turns: 8762, Time: 01:01:35

Health: -14/75     AC: 10    Str: 17    XL:     9   Next: 30%
Magic:  12/12      EV: 11    Int: 10    God:    Beogh [**....]
Gold:   399        SH:  6    Dex: 19    Spells: 8/8 levels left

rFire    . . .     SeeInvis +   a - +0 war axe
rCold    . . .     Faith    .   k - +0 buckler
rNeg     . . .     Spirit   .   g - +0 scale mail
rPois    .         Reflect  .   p - +1 helmet {SInv}
rElec    .         Harm     .   l - +0 cloak
rCorr    .         Rampage  .   (no gloves)
Will     .....                  f - +0 pair of boots
Stlth    +.........             o - amulet of magic regeneration
HPRegen  0.22/turn              (no ring)
MPRegen  0.38/turn              O - +6 ring of dexterity

@: no status effects
A: no striking features
a: Renounce Religion, Smiting


You were in a bailey.
You worshipped Beogh.
Beogh was pleased with you.
You visited 1 branch of the dungeon, and saw 7 of its levels.
You also visited: Bailey.

You collected 399 gold pieces.

Inventory:

Hand Weapons
 a - a +0 war axe (weapon)
 b - a +0 hunting sling
 E - a +0 hand axe
Missiles
 c - 265 stones
 d - 2 poisoned darts
 y - 2 boomerangs
 C - 20 bolts
Armour
 f - a +0 pair of boots (worn)
 g - a +0 scale mail (worn)
 k - a +0 buckler (worn)
 l - a +0 cloak (worn)
 p - a +1 helmet of see invisible (worn)
 w - a +0 robe
 J - a +0 pair of gloves
Jewellery
 o - an amulet of magic regeneration (around neck)
 O - a +6 ring of dexterity (right hand)
Wands
 s - a wand of iceblast (11) (quivered)
 A - a wand of random effects (6)
Scrolls
 e - a scroll of remove curse
 h - a scroll of blinking {unknown}
 u - a scroll of noise {unknown}
 v - 2 scrolls of immolation {unknown}
 x - 4 scrolls of enchant armour {unknown}
 B - a scroll of magic mapping {unknown}
 G - 2 scrolls of amnesia
 H - a scroll of enchant weapon {unknown}
 I - 3 scrolls of teleportation {unknown}
 M - 2 scrolls of random uselessness {unknown}
Potions
 i - a potion of might
 j - a potion of cancellation
 m - 2 potions of flight
 n - 3 potions of curing
 q - 2 potions of haste
 r - a potion of brilliance
 t - 2 potions of magic
 z - 2 potions of lignification
 D - a potion of berserk rage
 F - a potion of mutation


   Skills:
 - Level 6.0 Fighting
 + Level 11.4 Axes
 - Level 2.6 Dodging
 - Level 1.6 Stealth
 - Level 4.0 Shields
 + Level 4.6 Invocations
 - Level 5.0 Evocations


You had 8 spell levels left.
You didn't know any spells.
Your spell library contained the following spells:

 Spells                   Type           Power        Failure   Level
 Animate Skeleton         Necr           0%           80%         1
 Apportation              Tloc           0%           80%         1
 Beastly Appendage        Tmut           0%           80%         1
 Corona                   Hex            0%           80%         1
 Summon Small Mammal      Summ           0%           80%         1
 Wereblood                Tmut           0%           91%         2
 Spider Form              Tmut/Pois      0%           99%         3
 Ice Form                 Ice/Tmut       0%           100%        4
 Blade Hands              Tmut           0%           100%        5


Dungeon Overview and Level Annotations

Branches:
Dungeon (7/15)             Temple (0/1) D:6          Bailey (1/1)

Altars:
Dithmenos


Message History

The orc knight closely misses you.
Aiming: Iceblast
Press: ? - help, Q - select action, (/) - cycle Shift-Dir - straight line, f/p - orc knight
Aim: an orc knight, wielding a +0 halberd and wearing a +0 chain mail (lightly wounded, strong)
The mass of ice explodes!
The iceblast engulfs the orc knight!
The orc knight is moderately wounded.
Aiming: Iceblast
Press: ? - help, Q - select action, (/) - cycle Shift-Dir - straight line, f/p - orc knight
Aim: an orc knight, wielding a +0 halberd and wearing a +0 chain mail (moderately wounded, strong)
The mass of ice explodes!
The iceblast engulfs the orc knight!!
The orc knight is heavily wounded.
The orc knight roars a battlecry!
Aiming: Iceblast
Press: ? - help, Q - select action, (/) - cycle Shift-Dir - straight line, f/p - orc knight
Aim: an orc knight, wielding a +0 halberd and wearing a +0 chain mail (heavily wounded, strong)
The mass of ice explodes!
The iceblast engulfs the orc knight!
The orc knight is almost dead.
The orc knight hits you from afar with a +0 halberd!!
You die...
Beogh appreciates the orc knight's killing of a heretic priest.

### ##@## #()(#
#o))#
.≈≈..)....≈≈o≈≈
oo≈.......≈oo.≈
≈)≈≈.......≈≈o≈≈
≈≈≈..#...#..≈≈≈.
....##...##.....
#### ##∩## #####


You could see an orc knight (strong).

Vanquished Creatures
  An orc warrior (Bailey)
  Duvessa (D:6)
  A sky beast (D:5)
  3 ice beasts
  A phantom (D:5)
  3 ogres
  2 centaurs (D:5)
  2 bullfrogs
  Dowan (D:6)
  A scorpion (D:6)
  A bullfrog zombie (D:5)
  3 hounds
  A bullfrog skeleton (D:5)
  A jelly (D:6)
  2 orc wizards
  An iguana (D:4)
  Ijyb (D:3)
  Natasha (thrice) (D:2)
  3 worker ants
  3 worker ant zombies
  A gnoll (D:3)
  A howler monkey zombie (D:5)
  9 adders
  A white imp (D:5)
  3 oozes
  4 ufetubi
  An adder skeleton (D:4)
  3 worms (D:6)
  4 leopard geckos
  12 orcs
  5 giant cockroaches
  7 goblins
  8 hobgoblins
  4 jackals (D:2)
  4 kobolds
  4 quokkas
  A ball python (D:2)
  5 bats
  4 frilled lizards
  A leopard gecko skeleton (D:4)
  2 rats
119 creatures vanquished.

Vanquished Creatures (collateral kills)
  An orc warrior (Bailey)
  An orc (Bailey)
2 creatures vanquished.

Vanquished Creatures (others)
  A black bear (D:6)
  A scorpion (D:6)
  An adder zombie (D:6)
  An orc (Bailey)
4 creatures vanquished.

Grand Total: 125 creatures vanquished

Notes
Turn   | Place    | Note
-------+----------+-------------------------------------------
     0 | D:1      | oldmanjim the Hill Orc Monk began the quest for the Orb.
     0 | D:1      | Reached XP level 1. HP: 19/19 MP: 1/1
   322 | D:1      | Reached XP level 2. HP: 22/27 MP: 2/2
   804 | D:1      | Reached XP level 3. HP: 33/33 MP: 3/3
  1578 | D:2      | Noticed Natasha
  1590 | D:2      | Killed Natasha
  1591 | D:2      | Reached skill level 1 in Shields
  1591 | D:2      | Reached XP level 4. HP: 14/41 MP: 4/4
  1820 | D:2      | Reached skill level 5 in Axes
  2030 | D:2      | Noticed Natasha
  2490 | D:3      | Noticed Ijyb
  2511 | D:3      | Killed Ijyb
  2688 | D:3      | Reached XP level 5. HP: 40/47 MP: 5/5
  3125 | D:2      | Killed Natasha
  3253 | D:2      | Noticed Natasha
  3263 | D:2      | Killed Natasha
  3264 | D:2      | Reached skill level 5 in Fighting
  3962 | D:4      | Reached XP level 6. HP: 52/56 MP: 6/6
  4738 | D:5      | Entered Level 5 of the Dungeon
  4741 | D:5      | Noticed a sky beast
  4750 | D:5      | Reached skill level 6 in Axes
  4761 | D:5      | Killed a sky beast
  4762 | D:5      | Reached skill level 7 in Axes
  4762 | D:5      | Reached XP level 7. HP: 51/63 MP: 7/7
  4897 | D:5      | Reached skill level 8 in Axes
  5045 | D:5      | Found a shadowy altar of Dithmenos.
  5534 | D:4      | Reached skill level 9 in Axes
  5978 | D:5      | Reached XP level 8. HP: 58/70 MP: 8/8
  6115 | D:5      | Reached skill level 1 in Evocations
  6391 | D:5      | Reached skill level 10 in Axes
  7121 | D:6      | Became a worshipper of Beogh the Brigand
  7121 | D:6      | Reached * piety under Beogh
  7121 | D:6      | Reached ** piety under Beogh
  7176 | D:6      | Found a staircase to the Ecumenical Temple.
  7213 | D:6      | Reached skill level 1 in Invocations
  7604 | D:6      | Noticed Dowan
  7605 | D:6      | Noticed Duvessa
  7681 | D:6      | Killed Duvessa
  8177 | D:6      | Killed Dowan
  8298 | D:6      | Upgraded the game from 0.26.0-20-g3ca415f5b8 to
                  | 0.26.0-41-g79a4fc7684
  8520 | D:7      | Reached XP level 9. HP: 75/75 MP: 11/11
  8528 | D:7      | Reached skill level 11 in Axes
  8608 | D:7      | Reached skill level 5 in Evocations
  8675 | D:7      | Found a flagged portal.
  8684 | Bailey   | Entered a bailey
  8686 | Bailey   | Noticed an orc knight
  8755 | Bailey   | Noticed an orc knight
  8762 | Bailey   | Demolished by an orc knight

Illustrated notes

Levels and vault maps discovered:
D:1:      grunt_arrival_lava_bath, layout_loops_ring, chequers_big_river,
          minmay_misc_feat_secret_circle, chequers_arboretum
D:2:      layout_loops_ring, kennysheep_cluttered_room,
          minmay_tree_intersection, minmay_tripent, uniq_natasha
D:3:      kennysheep_six_static_rooms, layout_basic, uniq_ijyb
D:4:      layout_basic
D:5:      layout_loops_ring, grunt_ministairs_5,
          grunt_dithmenos_smoke_and_mirrors
D:6:      layout_loops_ring, minmay_temple_entry_grid, uniq_duvessa
D:7:      layout_basic, enter_bailey_5
Bailey:   bailey_polearm_4, bailey

Skill      XL: |  1  2  3  4  5  6  7  8  9 |
---------------+----------------------------+-----
Fighting       | 4 5 6 |  6.0
Shields        | 1 2 3 4 |  4.0
Axes           | 5 7 9 10 11 | 11.4
Evocations     | 4 5 |  5.0
Invocations    | 2 4 |  4.6
Dodging        | |  2.6
Stealth        | |  1.6

Action                   |  1- 3 |  4- 6 |  7- 9 || total
-------------------------+-------+-------+-------++-------
Melee: Hand axe          |   113 |   223 |   244 ||   580
       War axe           |       |       |    93 ||    93
 Fire: Hunting sling     |       |    53 |    87 ||   140
Throw: Dart              |       |       |    19 ||    19
Invok: Convert to Beogh  |       |       |     1 ||     1
Evoke: Wand              |       |       |     7 ||     7
  Use: Scroll            |       |    12 |     5 ||    17
 Stab: Sleeping          |     1 |       |       ||     1
       Fleeing           |       |       |     1 ||     1
Armor: Robe              |     6 |       |       ||     6
       Scale mail        |    45 |    93 |   117 ||   255
Dodge: Dodged            |    53 |   100 |   142 ||   295
Block: Buckler           |     4 |    51 |    81 ||   136
